Map: Abiogenesis LE

Players

Snoogle

  • Race: Zerg Zerg
  • Spawn Location: 11:00

lololololol - Winner!

  • Race: Terran Terran
  • League: Diamond
  • Spawn Location: 5:00

VOD

Have the link to the VOD?

Description

My biggest weakness is game knowledge and steadiness under pressure. Proper response? Comp vs bio tank?

Time

  • Played on: March 21, 2018, 10:56 p.m.
  • Length: 9:26
Show
View Real Time Build Order
Export as new Build Order

Snoogle Zerg 

Build Orders: Pool First 

Get SALT Encoding   

  12  0:01  Drone  
  13  0:13  Overlord  
  13  0:19  Drone  
  14  0:31  Drone x2  
  17  0:35  Drone  
  17  0:45  Extractor  
  17  0:46  Drone  
  17  0:54  Spawning Pool  
  16  1:00  Drone  
  17  1:12  Drone  
  18  1:21  Hatchery  
  17  1:30  Drone  
  18  1:45  Spine Crawler  
  17  1:48  Spine Crawler  
  17  1:50  Metabolic Boost  
  16  2:00  Queen  
  18  2:10  Zergling x4  
  20  2:19  Zergling x2  
  22  2:35  Overlord x2  
  20  2:53  Zergling x2  
  20  2:56  Queen  
  23  3:02  Zergling x2  
  25  3:05  Zergling x2  
  25  3:13  Drone x3  
  28  3:29  Zergling x2  
  29  3:41  Hatchery  
  28  3:50  Zergling x6, Baneling Nest  
  28  3:51  Zergling x2  
  31  4:02  Zergling x2  
  32  4:08  Baneling Nest  
  31  4:10  Drone  
  31  4:11  Drone x2  
  34  4:17  Zergling x2  
  34  4:22  Overlord  
  35  4:36  Baneling x3  
  35  4:37  Baneling  
  35  4:40  Zergling x6  
  35  4:41  Zergling x2  
  40  4:52  Drone, Extractor  
  40  4:55  Baneling  
  39  5:02  Drone  
  39  5:03  Drone  
  41  5:09  Baneling x2  
  41  5:16  Zergling x10  
  39  5:39  Drone x4  
  39  5:40  Drone  
  44  5:47  Drone  
  44  5:49  Queen x2  
  49  5:55  Overlord x2  
  49  5:57  Drone x2  
  51  6:11  Drone  
  52  6:25  Drone x5  
  49  6:26  Drone  
  51  6:35  Drone x3  
  51  6:36  Lair  
  54  6:41  Evolution Chamber  
  54  6:43  Roach Warren  
  52  6:50  Zergling x8  
  56  6:56  Baneling x2  
  56  6:58  Baneling x2  
  56  6:59  Baneling x2  
  55  7:03  Zergling x6  
  55  7:04  Zergling x6  
  61  7:11  Extractor  
  60  7:25  Hatchery  
  53  7:33  Glial Reconstitution  
  43  7:38  Drone x3  
  43  7:42  Roach x5  
  56  7:52  Spore Crawler  
  56  7:54  Spore Crawler  
  56  7:58  Roach x3  
  56  8:00  Overlord  
  60  8:18  Roach  
  60  8:19  Roach x3  
  68  8:20  Overlord  
  68  8:21  Overlord  
  64  8:54  Zergling x14  
  64  8:55  Zergling x2  
  52  8:57  Roach x3  
  52  8:58  Roach x4  
Show
View Real Time Build Order
Export as new Build Order

lololololol Terran - Winner!

Build Orders:  

Get SALT Encoding   

  12  0:01  SCV  
  13  0:14  Supply Depot  
  13  0:19  SCV  
  14  0:32  SCV  
  15  0:38  Barracks  
  15  0:44  SCV  
  16  0:56  SCV  
  17  1:07  Barracks  
  17  1:10  SCV  
  18  1:24  Supply Depot  
  18  1:25  Marine  
  19  1:35  Bunker  
  19  1:37  Orbital Command  
  19  1:43  Marine  
  20  1:52  Refinery  
  20  1:57  Supply Depot  
  20  1:58  Marine  
  21  2:01  Marine  
  22  2:14  Bunker  
  22  2:16  Marine  
  22  2:19  Marine  
  22  2:22  SCV  
  24  2:33  Marine  
  24  2:39  Marine  
  24  2:42  SCV  
  26  2:45  Refinery  
  26  3:05  Command Center  
  26  3:17  SCV  
  27  3:23  Factory  
  27  3:29  SCV  
  28  3:37  Factory  
  28  3:41  SCV  
  29  3:54  SCV  
  30  4:07  Supply Depot  
  30  4:13  Factory Tech Lab  
  30  4:17  Orbital Command  
  30  4:32  Hellion  
  30  4:33  Siege Tank  
  30  4:34  Bunker  
  30  4:37  SCV, Supply Depot  
  36  4:44  Barracks Reactor  
  36  4:45  Supply Depot  
  36  4:54  SCV x2  
  36  4:57  Factory Tech Lab  
  38  5:05  Siege Tank  
  41  5:13  SCV  
  41  5:14  SCV  
  43  5:17  Siege Tank  
  43  5:21  Marine x2  
  48  5:28  SCV  
  48  5:29  SCV  
  50  5:49  Siege Tank, Command Center  
  56  5:50  Marine x2, Siege Tank  
  56  6:08  Marine x2  
  56  6:09  Orbital Command  
  58  6:25  Siege Tank  
  61  6:27  SCV  
  62  6:36  Refinery  
  62  6:38  Marine x2  
  62  6:39  SCV  
  65  6:40  Refinery  
  65  6:42  Starport, SCV  
  66  6:51  SCV  
  66  6:52  Hellion  
  69  7:00  Siege Tank  
  72  7:04  Orbital Command  
  72  7:06  SCV x2  
  74  7:08  Marine x2  
  76  7:22  Siege Tank  
  79  7:24  Starport Reactor  
  79  7:25  SCV  
  79  7:26  SCV  
  81  7:30  Supply Depot  
  81  7:33  Supply Depot  
  78  7:40  Marine x2  
  78  7:42  Cyclone  
  83  7:46  Engineering Bay  
  83  7:48  SCV x2  
  83  7:49  Command Center  
  85  7:59  Orbital Command  
  85  8:00  SCV, Siege Tank  
  89  8:06  Marine x2, Supply Depot  
  91  8:14  Siege Tank  
  91  8:18  Medivac x2  
  98  8:24  Marine  
  99  8:30  Marine  
  81  8:56  Marine x2  
Tags
 
League
Diamond
Matchup
TvZ
Opening
Pool First
Spawn Locations
Cross Positions
Add a new tag
Caveats
  • Supply blocks, unpowered buildings, or Contaminate may cause inaccurate times.
  • Supply counts are checked every 10 seconds.